 Dungeon Crawl Stone Soup version 0.31-a0-198-g2ad674f65e (webtiles) character file.

Game seed: 18339473360266768561

24 qw the Shooter (level 2, -1/16 HPs)
             Began as a Deep Elf Hunter on June 25, 2023.
             Slain by a goblin
             ... wielding a +0 club
             ... led by Robin
              (5 damage)
             ... on level 2 of the Dungeon.
             The game lasted 00:00:18 (964 turns).

qw the Shooter (Deep Elf Hunter)                     Turns: 964, Time: 00:00:19

Health: -1/16      AC:  3    Str:  8    XL:     2   Next: 79%
Magic:  4/4        EV: 12    Int: 13    God:
Gold:   97         SH:  0    Dex: 18    Spells: 1/1 levels left

rFire   . . .        Y - +0 shortbow
rCold   . . .        (shield currently unavailable)
rNeg    . . .        c - +0 leather armour
rPois   .            (no helmet)
rElec   .            (no cloak)
rCorr   .            (no gloves)
SInv    .            (no boots)
Will    .....        (no amulet)
Stlth   ++           (no ring)
HPRegen 0.22/turn    (no ring)
MPRegen 0.09/turn

%: no passive effects
@: no status effects
A: no striking features
a: no special abilities


You were on level 2 of the Dungeon.
You visited 1 branch of the dungeon, and saw 2 of its levels.

You collected 97 gold pieces.


   Skills:
 - Level 1.5 Fighting
 + Level 6.5 Ranged Weapons
 - Level 2.4 Dodging
 - Level 1.2 Stealth


You had one spell level left.
You didn't know any spells.
Your spell library was empty.

Inventory:

Hand Weapons
 Y - a +0 shortbow (weapon)
Armour
 c - a +0 leather armour (worn)
Scrolls
 a - 3 scrolls of identify
 b - a scroll of silence {unknown}
Potions
 d - a potion of berserk rage {unknown}

Dungeon Overview and Level Annotations

Branches:
Dungeon (2/15)

Altars:

Annotations:
D:2 Robin


Message History

2 hobgoblins and 7 goblins come into view.
The goblin shouts! x3; The hobgoblin shouts!
You hear a shout! x2
A goblin comes into view. It is wielding a +0 dagger.
A goblin comes into view. It is wielding a +0 club.
The hobgoblin moves out of view.
The goblin moves out of view. x2
You hear a shout!
The goblin shouts!
You hear a shout!
Enter note: You shoot an arrow.
The arrow closely misses the goblin. x2
The goblin shouts!
A goblin opens the large door.
Robin of the Strong Arm comes into view.
They are wielding a +0 club.
Enter note: You shoot an arrow.
The arrow barely misses the goblin. x2
The arrow hits the goblin!
You kill the goblin!
You shoot an arrow. The arrow hits the goblin.
The goblin is severely wounded.
Robin roars a battlecry!
The goblins go into a battle-frenzy!
The hobgoblin barely misses you.
You shoot an arrow.
The arrow hits the hobgoblin but does no damage.
The hobgoblin misses you.
You shoot an arrow.
The arrow hits the hobgoblin but does no damage.
You shoot an arrow. The arrow hits the hobgoblin!
You kill the hobgoblin!
A hobgoblin comes into view.
You shoot an arrow. The arrow hits the goblin.
The goblin is heavily wounded.
The goblin hits you with a +0 dagger. The goblin barely misses you.
You shoot an arrow. The arrow hits the goblin.
You kill the goblin!
The goblin hits you with a +0 club.
You shoot an arrow. The arrow closely misses the goblin.
The arrow barely misses the goblin.
The arrow hits the goblin!
You kill the goblin!
Robin throws the goblin at you! The goblin hits you with a +0 dagger.
The goblin hits you with a +0 club.
You die...

##### ....#####
....#...#############
....'...'.....%....>#
....#...###########.#
#####...# ##..# #...#
###...# #...#
##gg.#.#### #####
#.g@........
#..g#g##.####.
#....gg....
#....gg.###$
#.......# # .###'...
#. #'.... # ##..)..


You could see Robin, 2 hobgoblins and 6 goblins.

Vanquished Creatures
  2 endoplasms
  2 giant cockroaches (D:1)
  5 goblins
  A hobgoblin (D:2)
  5 ball pythons
  3 bats
  6 kobolds (D:1)
  2 rats (D:1)
26 creatures vanquished.

Notes
Turn   | Place    | Note
-------+----------+-------------------------------------------
     0 | D:1      | qw the Deep Elf Hunter began the quest for the Orb.
     0 | D:1      | Reached XP level 1. HP: 12/12 MP: 3/3
     0 | D:1      | 0 ||| qw: Version: 0.3-a-22-g0ed2b0b
     0 | D:1      | 0 ||| qw: Game counter: 5223
     0 | D:1      | 0 ||| qw: Melee chars always use a shield: true
     0 | D:1      | 0 ||| qw: God list: Okawaru
     0 | D:1      | 0 ||| qw: Allow faded altars: false
     0 | D:1      | 0 ||| qw: Do Orc after clearing Dungeon:15 true
     0 | D:1      | 0 ||| qw: Do second Lair branch before Depths: true
     0 | D:1      | 0 ||| qw: Lair rune preference: random
     0 | D:1      | 0 ||| qw: Goals: Normal
     0 | D:1      | 0 ||| PLANNING D:1-11
   295 | D:1      | Reached skill level 6 in Ranged Weapons
   295 | D:1      | Reached XP level 2. HP: 16/16 MP: 4/4
   757 | D:1      | 757 ||| READING 5 scrolls labelled MOJOJ ZEIST.
   758 | D:1      | 758 ||| READING scroll labelled RUEKAGU VOSAUZO.
   761 | D:1      | 761 ||| READING 4 scrolls of identify.
   761 | D:1      | 761 ||| IDENTIFYING fuming green potion
   762 | D:1      | 762 ||| DROPPING scroll of butterflies.
   763 | D:1      | 763 ||| DROPPING potion of brilliance.
   833 | D:2      | Found a faded altar of an unknown god.
   956 | D:2      | Noticed Robin
   964 | D:2      | HP: 4/16 [goblin/+0 dagger[Robin] (2)]
   964 | D:2      | Slain by a goblin

Levels and vault maps discovered:
D:1:      minmay_arrival_plants_in_alcoves, layout_basic,
          minmay_misc_feat_encased
D:2:      layout_basic, dreamdust_ecumenical_altar_grove, chequers_avenue,
          uniq_robin

Skill      XL: |  1 |
---------------+----+-----
Ranged Weapons | 6 |  6.5
Fighting       | |  1.5
Dodging        | |  2.4
Stealth        | |  1.2

Action                     || total
---------------------------++-------
   Fire: Shortbow          ||    69
    Use: Scroll            ||     3
 Armour: Leather armour    ||     7
  Dodge: Dodged            ||    23

Table legend:
 A = Non-vault XP
 B = Vault XP
 C = Vault XP percentage of total XP
 D = Non-vault monster count
 E = Vault monster count
 F = Vault count percentage of total count
                 A         B        C        D         E       F
            +---------+---------+-------+---------+---------+-------
      Total |      29 |       8 |  21.6 |      22 |       4 |  15.4
            +---------+---------+-------+---------+---------+-------
        D:1 |      22 |       0 |   0.0 |      17 |       0 |   0.0
        D:2 |       7 |       8 |  53.3 |       5 |       4 |  44.4
            +---------+---------+-------+---------+---------+-------
